 Dungeon Crawl Stone Soup version 0.29-a0-541-gaf1fc19f1b (webtiles) character file.

Game seed: 11476430714167870852

108 Nedwor the Cutter (level 5, -3/33 HPs)
             Began as a Kobold Fighter on June 2, 2022.
             Slain by Terence
             ... wielding a +5 flail of protection
              (9 damage)
             ... on level 3 of the Dungeon.
             The game lasted 00:04:51 (3200 turns).

Nedwor the Cutter (Kobold Fighter)                  Turns: 3200, Time: 00:04:51

Health: -3/33      AC: 11    Str: 13    XL:     5   Next: 12%
Magic:  5/5        EV:  4    Int: 10    God:
Gold:   89         SH:  6    Dex: 16    Spells: 4/4 levels left

rFire   . . .      SeeInvis .   a - +0 rapier
rCold   . . .      Faith    .   c - +0 buckler
rNeg    . . .      Spirit   .   s - +0 plate armour
rPois   .          Reflect  .   (no helmet)
rElec   .          Harm     .   (no cloak)
rCorr   .          Rampage  .   (no gloves)
Will    .....                   (no boots)
Stlth   ..........              (no amulet)
HPRegen 0.11/turn               (no ring)
MPRegen 0.09/turn               (no ring)

@: no status effects
A: small, no large weapons, nightstalker 3
a: no special abilities


You were on level 3 of the Dungeon.
You visited 1 branch of the dungeon, and saw 3 of its levels.

You collected 89 gold pieces.

Inventory:

Hand Weapons
 a - a +0 rapier (weapon)
Armour
 c - a +0 buckler (worn)
 s - a +0 plate armour (worn)
Jewellery
 j - the ring of Mioli {Wiz Int+3}
   (You found it on level 2 of the Dungeon)

   [ring of wizardry]

   It improves your spell success rate.
   Int:       It affects your intelligence (+3).
Scrolls
 g - a scroll of amnesia {unknown}
 h - a scroll of fog {unknown}
 l - 2 scrolls of identify {unknown}
 m - a scroll of enchant armour {unknown}
 p - a scroll of enchant weapon {unknown}
 q - a scroll of teleportation {unknown}
 r - a scroll of blinking {unknown}
 t - a scroll of poison {unknown}
Potions
 b - a potion of brilliance {unknown}
 d - a potion of might
 e - 4 potions of curing {unknown}
 f - a potion of lignification {unknown}
 i - a potion of degeneration {unknown}
 k - a potion of invisibility {unknown}
 n - a potion of ambrosia {unknown}
 o - a potion of resistance {unknown}


   Skills:
 + Level 3.9 Fighting
 * Level 4.6 Short Blades
 - Level 2.4 Armour
 + Level 2.6 Stealth
 + Level 2.9 Shields


You had 4 spell levels left.
You didn't know any spells.
Your spell library was empty.

Dungeon Overview and Level Annotations

Branches:
Dungeon (3/15)

Altars:
Cheibriados
Kikubaaqudgha
Beogh

Annotations:
D:3 1 runed translucent door, Terence


Innate Abilities, Weirdness & Mutations

You are small and have problems with some larger weapons.
You are completely attuned to the shadows.


Message History

There are monsters nearby!
You hit Terence but do no damage.
Terence hits you with a +5 flail of protection.
You hit Terence but do no damage.
Terence hits you with a +5 flail of protection.
You hit Terence.
Terence is moderately wounded.
Terence hits you with a +5 flail of protection.
You hit Terence.
Terence is heavily wounded.
Terence hits you with a +5 flail of protection.
You hit Terence but do no damage.
Terence is heavily wounded.
You block Terence's attack.
Terence hits you with a +5 flail of protection.
You closely miss Terence.
Terence is heavily wounded.
Terence hits you with a +5 flail of protection.
You hit Terence.
Terence is severely wounded.
Terence hits you with a +5 flail of protection.
You hit Terence but do no damage.
Terence is severely wounded.
Terence completely misses you.
You hit Terence but do no damage.
Terence is severely wounded.
Terence hits you with a +5 flail of protection!
* * * LOW HITPOINT WARNING * * *
You hit Terence.
Terence is almost dead.
Terence hits you with a +5 flail of protection.
* * * LOW HITPOINT WARNING * * *
You hit Terence but do no damage.
Terence is almost dead.
Terence shouts, "Get ready for death!"
You block Terence's attack.
You closely miss Terence.
Terence is almost dead.
Terence hits you with a +5 flail of protection!
You die...

##.##. #.....
#..### #..#
###..#
#....##
######
#.##..##
#.@g..
#.##...# #@#
#....# #.#
##..##
#######.#
#....#
#.......#
#)..##
#.#######
##)##
####.######
#)##
...<......###
##)#
####.........
)# #..>....#
#)


You could see Terence and a hobgoblin.

Vanquished Creatures
  3 adders
  3 worms
  7 dart slugs
  4 bats
  8 endoplasms
  3 giant cockroaches
  2 hobgoblins
  8 jackals (D:2)
  2 quokkas
  3 ball pythons
  4 frilled lizards
  3 goblins
  A kobold (D:1)
  7 rats
58 creatures vanquished.

Notes
Turn   | Place    | Note
-------+----------+-------------------------------------------
     0 | D:1      | Nedwor the Kobold Fighter began the quest for the Orb.
     0 | D:1      | Reached XP level 1. HP: 14/14 MP: 1/1
   349 | D:1      | Reached skill level 3 in Short Blades
   366 | D:1      | Reached XP level 2. HP: 19/19 MP: 2/2
   383 | D:1      | Reached skill level 1 in Stealth
   416 | D:1      | Found a faded altar of an unknown god.
   689 | D:1      | Reached XP level 3. HP: 18/23 MP: 3/3
  1341 | D:2      | Identified the ring of Mioli {Wiz Int+3}
  1806 | D:2      | Reached skill level 4 in Short Blades
  1806 | D:2      | Reached XP level 4. HP: 29/29 MP: 4/4
  2720 | D:3      | Found an ancient bone altar of Kikubaaqudgha.
  2925 | D:3      | Reached XP level 5. HP: 33/33 MP: 5/5
  2964 | D:3      | Found a runed translucent door.
  2966 | D:3      | Identified the +4 mace "Kunoji" {vorpal, rPois Int+3 Dex+3}
  3123 | D:3      | Found a snail-covered altar of Cheibriados.
  3188 | D:3      | Noticed Terence
  3200 | D:3      | Slain by Terence

Illustrated notes

Levels and vault maps discovered:
D:1:      dpeg_arrival_lava_temple_mockup, layout_loops_corners,
          hellmonk_ecumenical_altar_defaced_shrine
D:2:      layout_loops_corners
D:3:      layout_loops_ring, kennysheep_slug_shrine,
          mainiacjoe_overflow_catwalk, uniq_terence, uniq_crazy_yiuf_cottage

Skill      XL: |  1  2  3 |
---------------+----------+-----
Short Blades   | 3 4 |  4.6
Stealth        | 1 2 |  2.6
Fighting       | |  3.9
Armour         | |  2.4
Shields        | |  2.9

Action                   |  1- 3 |  4- 6 || total
-------------------------+-------+-------++-------
Melee: Rapier            |    87 |    80 ||   167
 Stab: Sleeping          |     5 |     2 ||     7
Armor: Scale mail        |    54 |    20 ||    74
       Plate armour      |       |     2 ||     2
Dodge: Dodged            |    46 |    24 ||    70
Block: Buckler           |    29 |    15 ||    44

Table legend: (Time is in decaauts)
 A = Elapsed time spent in this place.
 B = Non-inter-level travel time spent in this place.
 C = Inter-level travel time spent in this place.
 D = Time resting spent in this place.
 E = Time spent auto-exploring this place.
 F = Levels seen in this place.
 G = Mean time per level.
                   A        B        C        D        E       F      G
               +--------+--------+--------+--------+--------+-----+--------+
         Total |   3214 |   3102 |    112 |      0 |   2623 |   3 | 1071.3 |
       Dungeon |   3214 |   3102 |    112 |      0 |   2623 |   3 | 1071.3 |
               +--------+--------+--------+--------+--------+-----+--------+

Top non-repeatable levels by time:
     D:1: 1278 daAuts
     D:2: 1222 daAuts
     D:3: 713 daAuts
